[Event "Serbian-ch Semifinal Women 2024"]
[Site "Paracin"]
[Date "2024.02.09"]
[Round "6.3"]
[White "Radenkovic, Mila"]
[Black "Bukhteeva, Viktoria"]
[Result "1/2-1/2"]
[ECO "A27"]
[WhiteElo "1741"]
[BlackElo "2070"]
[Annotator "NA RC"]
[PlyCount "99"]
[EventDate "2024.02.04"]
[EventType "swiss"]
[EventCountry "SRB"]
[SourceTitle "playchess.com"]
[Source "ChessBase"]
[SourceQuality "1"]
[TimeControl "40/5400+30:1800+30"]

1. c4 e5 2. Nc3 Nc6 3. g3 f5 4. Nf3 Nf6 5. d4 e4 6. Nh4 d6 7. Ng2 Be7 8. Bg5 Ng4 9. Bxe7 Qxe7 10. Nd5 Qf7 11. Qa4 O-O 12. e3 Nd8 $11 13. h3 Nf6 14. Ngf4 c6 15. Nxf6+ Qxf6 16. O-O-O Ne6 17. Ne2 a6 18. Kb1 Rb8 19. Qb4 Rd8 20. Qb6 Nf8 21. d5 Nd7 22. Qc7 c5 23. Nf4 Re8 24. Ne6 Qe7 25. Be2 b6 26. Qc6 Ne5 27. Qa4 Bxe6 28. dxe6 Ra8 29. Qb3 Qc7 30. g4 fxg4 31. hxg4 Rxe6 32. Qc2 Nc6 33. f4 Rf8 34. Rh5 g6 35. Rh2 Ne7 36. Rdh1 Rf7 37. Qa4 Qc6 38. Qxa6 Nc8 39. Qa3 Ne7 40. Qb3 Qc7 41. Qc3 Qd8 42. Rh6 Qf8 43. Qb3 Qd8 44. R6h2 Nc6 45. a3 Re8 46. Qd1 Ne7 47. Bf1 Qd7 48. Rd2 Rd8 49. Bh3 Qe6 50. Bf1 1/2-1/2

[Event "Serbian-ch Semifinal Women 2024"]
[Site "Paracin"]
[Date "2024.02.09"]
[Round "7.1"]
[White "Vujovic, Vera"]
[Black "Radenkovic, Mila"]
[Result "1-0"]
[ECO "B06"]
[WhiteElo "2123"]
[BlackElo "1741"]
[Annotator "NA RC"]
[PlyCount "99"]
[EventDate "2024.02.04"]
[EventType "swiss"]
[EventCountry "SRB"]
[SourceTitle "playchess.com"]
[Source "ChessBase"]
[SourceQuality "1"]
[TimeControl "40/5400+30:1800+30"]

1. e4 g6 2. d4 d6 3. Nf3 Bg7 4. Nc3 a6 5. Be3 b5 6. Bd3 Bb7 7. Qd2 Nd7 8. Ne2 h5 9. O-O Ngf6 10. e5 dxe5 11. dxe5 Ne4 12. Bxe4 Bxe4 13. e6 Ne5 14. Qxd8+ Rxd8 15. Ng5 Bf5 16. Bd4 O-O 17. Bxe5 Bxe5 18. exf7+ Kg7 19. Ng3 Bc8 20. c3 Rd2 21. Rab1 Rd5 22. N3e4 Bf6 23. f4 Bf5 24. Rbe1 Bxe4 25. Ne6+ Kxf7 26. Rxe4 Rc8 27. Ng5+ Kg8 28. Re6 Rd6 29. Rfe1 Rcd8 30. R6e2 c6 31. Ne6 R8d7 32. Nc5 Ra7 33. Ne4 Kf7 34. Nxd6+ exd6 35. Re8 c5 36. Rc8 Be7 37. h3 h4 38. g3 hxg3 39. Kg2 a5 40. Rb8 b4 41. a3 bxa3 42. bxa3 d5 43. Rd1 Rd7 44. Ra8 Bd8 45. Kxg3 d4 46. cxd4 cxd4 47. Kf3 Bb6 48. Ra6 Rd6 49. Rb1 Bc5 50. Rxa5 1-0

[Event "Serbian-ch Semifinal Women 2024"]
[Site "Paracin"]
[Date "2024.02.09"]
[Round "7.2"]
[White "Stankovic, Andrea"]
[Black "Milicevic, Dunja"]
[Result "1-0"]
[ECO "D43"]
[WhiteElo "1714"]
[BlackElo "1461"]
[Annotator "NA"]
[PlyCount "39"]
[EventDate "2024.02.04"]
[EventType "swiss"]
[EventCountry "SRB"]
[SourceTitle "playchess.com"]
[Source "ChessBase"]
[SourceQuality "1"]
[TimeControl "40/5400+30:1800+30"]

1. d4 d5 2. Nf3 Nf6 3. c4 c6 4. Nc3 e6 5. Bg5 h6 6. Bh4 dxc4 7. a4 g5 8. Bg3 Bb4 9. e3 Qa5 10. Qc2 Nd5 11. Rc1 Nd7 12. Bxc4 N5f6 13. O-O Bxc3 14. bxc3 a6 15. Ne5 Nh5 16. Bxe6 Nxe5 17. Bxe5 Rf8 18. Bxc8 Rxc8 19. Qf5 Rd8 20. Qg4 1-0

[Event "Serbian-ch Semifinal Women 2024"]
[Site "Paracin"]
[Date "2024.02.09"]
[Round "7.3"]
[White "Srdanovic, Jovana"]
[Black "Grozdanovic, Anastasia"]
[Result "1-0"]
[ECO "D35"]
[WhiteElo "2121"]
[BlackElo "2051"]
[Annotator "NA RC"]
[PlyCount "75"]
[EventDate "2024.02.04"]
[EventType "swiss"]
[EventCountry "SRB"]
[SourceTitle "playchess.com"]
[Source "ChessBase"]
[SourceQuality "1"]
[TimeControl "40/5400+30:1800+30"]

1. d4 d5 2. c4 e6 3. cxd5 exd5 4. Nc3 c6 5. Bf4 Nf6 6. e3 Be7 7. Bd3 Nbd7 8. Nf3 Nf8 9. h3 Ne6 10. Bh2 g6 11. Ne5 Ng7 12. O-O Bf5 13. f3 O-O 14. Kh1 c5 15. Be2 Rc8 16. Qb3 cxd4 17. exd4 Bd7 18. Qxb7 Rb8 19. Qxa7 Ra8 20. Qb7 Rb8 21. Qa6 Rxb2 22. Rab1 Rxb1 23. Rxb1 Ne6 24. Qd3 Qa8 25. Qd2 Ba4 26. Nxa4 Qxa4 27. Bb5 Qxd4 28. Qxd4 Nxd4 29. a4 Ne6 30. a5 Ra8 31. Nc6 Bc5 32. a6 Nd4 33. Bg1 Nxb5 34. Bxc5 Nc7 35. a7 Nfe8 36. Rb8 Kg7 37. Ne7 Kf6 38. Nxd5+ 1-0

[Event "Serbian-ch Semifinal Women 2024"]
[Site "Paracin"]
[Date "2024.02.10"]
[Round "8.1"]
[White "Jovanovic, Anja"]
[Black "Srdanovic, Jovana"]
[Result "0-1"]
[ECO "B13"]
[WhiteElo "1910"]
[BlackElo "2121"]
[Annotator "NA COMBH"]
[PlyCount "76"]
[EventDate "2024.02.04"]
[EventType "swiss"]
[EventCountry "SRB"]
[SourceTitle "playchess.com"]
[Source "ChessBase"]
[SourceQuality "1"]
[TimeControl "40/5400+30:1800+30"]

1. e4 c6 2. d4 d5 3. exd5 cxd5 4. Bd3 Nc6 5. c3 Qc7 6. Ne2 Bg4 7. O-O Nf6 8. f3 Bd7 9. Qe1 g6 10. Qh4 h6 11. Na3 a6 12. Nc2 Bg7 13. Kh1 Nd8 14. a4 Ne6 15. f4 Nd8 16. Ne1 Ne4 17. Bxe4 dxe4 18. Nc2 f5 19. Ne3 e6 20. g4 O-O 21. Rg1 Kh7 22. b3 Bc6 23. Ba3 Re8 24. g5 h5 25. Ng3 Rh8 26. Ne2 b5 27. axb5 axb5 28. Bb4 Nb7 29. Rxa8 Rxa8 30. Ng3 Be8 31. d5 Bxc3 32. Nxh5 gxh5 33. g6+ Bxg6 34. Qg3 Bf7 35. dxe6 Rg8 36. Qh4 Rxg1+ 37. Kxg1 Bxb4 38. Nxf5 Qc5+ 0-1

[Event "Serbian-ch Semifinal Women 2024"]
[Site "Paracin"]
[Date "2024.02.10"]
[Round "8.2"]
[White "Radenkovic, Mila"]
[Black "Stankovic, Andrea"]
[Result "1/2-1/2"]
[ECO "A08"]
[WhiteElo "1741"]
[BlackElo "1714"]
[Annotator "NA COMBH"]
[PlyCount "65"]
[EventDate "2024.02.04"]
[EventType "swiss"]
[EventCountry "SRB"]
[SourceTitle "playchess.com"]
[Source "ChessBase"]
[SourceQuality "1"]
[TimeControl "40/5400+30:1800+30"]

1. Nf3 e6 2. g3 Nf6 3. Bg2 c5 4. d3 d5 5. O-O Nc6 6. Nbd2 g6 7. e4 Bg7 8. c3 O-O 9. Re1 Nd7 10. Nf1 d4 11. Qc2 Rb8 12. Bd2 b5 13. h4 Nb6 14. N1h2 e5 15. Bf1 c4 16. cxd4 Nxd4 17. Nxd4 exd4 18. Bf4 Rb7 19. Nf3 Re8 20. Nd2 Be6 21. dxc4 bxc4 22. Nxc4 Nxc4 23. Bxc4 Bxc4 24. Qxc4 Rxb2 25. Rab1 Rxb1 26. Rxb1 Qe7 27. Qd5 h6 28. f3 Rd8 29. Rb7 Rxd5 30. Rxe7 Ra5 31. Re8+ Kh7 32. Re7 Kg8 33. Re8+ 1/2-1/2

[Event "Serbian-ch Semifinal Women 2024"]
[Site "Paracin"]
[Date "2024.02.11"]
[Round "9.2"]
[White "Tadic, Ana"]
[Black "Radenkovic, Mila"]
[Result "0-1"]
[ECO "B89"]
[WhiteElo "1746"]
[BlackElo "1741"]
[Annotator "NA RC"]
[PlyCount "66"]
[EventDate "2024.02.04"]
[EventType "swiss"]
[EventCountry "SRB"]
[SourceTitle "playchess.com"]
[Source "ChessBase"]
[SourceQuality "1"]
[TimeControl "40/5400+30:1800+30"]

1. e4 c5 2. Nc3 e6 3. Nge2 d5 4. exd5 exd5 5. d4 Nc6 6. Be3 cxd4 7. Nxd4 Nf6 8. Bb5 Bd7 9. O-O h6 10. Qf3 a6 11. Ba4 Ne5 12. Qe2 Qe7 13. Rfe1 O-O-O 14. Bxd7+ Qxd7 15. b3 Bb4 16. Na4 Ba5 17. Bd2 Bc7 18. Bf4 Ng6 19. Bxc7 Qxc7 20. Nf5 Rhe8 21. Qd3 Nf4 22. Qf3 g6 23. Nd4 Ne4 24. c4 Ng5 25. Qc3 dxc4 26. bxc4 Re4 27. Rad1 Kb8 28. f3 Rxe1+ 29. Rxe1 Qd7 30. g3 Nfh3+ 31. Kg2 Qxd4 32. Qxd4 Rxd4 33. Re2 Rd1 0-1

[Event "Serbian-ch Semifinal Women 2024"]
[Site "Paracin"]
[Date "2024.02.11"]
[Round "9.3"]
[White "Grozdanovic, Anastasia"]
[Black "Jovanovic, Anja"]
[Result "1-0"]
[ECO "D31"]
[WhiteElo "2051"]
[BlackElo "1910"]
[Annotator "NA RC"]
[PlyCount "105"]
[EventDate "2024.02.04"]
[EventType "swiss"]
[EventCountry "SRB"]
[SourceTitle "playchess.com"]
[Source "ChessBase"]
[SourceQuality "1"]
[TimeControl "40/5400+30:1800+30"]

1. d4 d5 2. c4 e6 3. Nc3 h6 4. cxd5 exd5 5. Bf4 c6 6. e3 Bf5 7. f3 Bd6 8. Bxd6 Qxd6 9. e4 Bg6 10. exd5 cxd5 11. Qb3 Nf6 12. Qxb7 O-O 13. Bb5 a6 14. Ba4 Nbd7 15. Bxd7 Rab8 16. Qc6 Qxd7 17. Qxd7 Nxd7 18. b3 Rfe8+ 19. Kd2 Nf8 20. Nge2 Ne6 21. Rad1 Rbc8 22. Rhe1 Kf8 23. Rc1 Red8 24. Na4 Rxc1 25. Rxc1 Ke7 26. Nc5 Rd6 27. Nxe6 fxe6 28. Nf4 Be8 29. Nd3 Kf6 30. Rc7 Rb6 31. Ne5 a5 32. Kc3 Ra6 33. a4 Ra8 34. Nd3 g6 35. Ne5 Kf5 36. Kd2 Rb8 37. Kc3 Ra8 38. Nd3 Kf6 39. Nc5 e5 40. Nd3 exd4+ 41. Kxd4 g5 42. Nc5 Kf5 43. Re7 Kf6 44. Re6+ Kg7 45. Ra6 Rxa6 46. Nxa6 Bf7 47. Nc5 Kf6 48. Nb7 Be8 49. Nxa5 Ke6 50. Nb7 Kd7 51. Kxd5 Bf7+ 52. Kd4 Kc6 53. Nd8+ 1-0